 Dungeon Crawl Stone Soup version 0.21-a0-504-g2eda330 (console) character file.

155 hexaflexagon the Charlatan (level 5, 0/40 HPs)
             Began as a Gnoll Artificer on Nov 25, 2017.
             Shot with an arrow by a centaur (3 damage)
             ... on level 3 of the Dungeon.
             The game lasted 00:06:13 (2659 turns).

hexaflexagon the Charlatan (Gnoll Artificer)        Turns: 2659, Time: 00:06:14

Health: 0/40       AC:  4    Str: 15    XL:     5   Next: 37%
Magic:  10/10      EV: 14    Int: 14    God:
Gold:   105        SH:  0    Dex: 15    Spells: 5/6 levels left

rFire    . . .     SeeInvis .   a - +0 short sword
rCold    . . .     Gourm    .   (no shield)
rNeg     . . .     Faith    .   b - +0 leather armour
rPois    .         Spirit   .   (no helmet)
rElec    .         Reflect  .   k - +0 cloak
rCorr    .         Harm     .   (no gloves)
MR       .....                  (no boots)
Stlth    ++........             (no amulet)
HPRegen  0.13/turn              u - ring of flight
MPRegen  0.12/turn              (no ring)

@: lethally poisoned (0 -> -1)
A: distributed training, fangs 1, strong nose
a: Evoke Flight


You were on level 3 of the Dungeon.
You were not hungry.

You visited 1 branch of the dungeon, and saw 3 of its levels.

You collected 105 gold pieces.

Inventory:

Hand Weapons
 a - a +0 short sword (weapon)
 n - a +1 whip of distortion
 s - a +0 dagger of venom
 t - a cursed -2 whip
Missiles
 g - 22 stones (quivered)
 m - 5 needles of frenzy
 A - a poisoned needle
Armour
 b - a +0 leather armour (worn)
 k - a +0 cloak (worn)
Jewellery
 u - a ring of flight (left hand)
Wands
 c - a wand of flame (8)
 d - a wand of enslavement (6)
 e - a wand of random effects (15)
Scrolls
 h - a scroll of amnesia {unknown}
 i - a scroll of enchant armour {unknown}
 l - 3 scrolls of blinking {unknown}
 o - a scroll of identify {unknown}
 q - a scroll of remove curse {unknown}
 w - a scroll of teleportation {unknown}
 z - a scroll of magic mapping {unknown}
Potions
 j - 3 potions of curing {unknown}
 p - a potion of degeneration {unknown}
 r - a potion of heal wounds {unknown}
 v - a potion of cancellation
Books
 y - a book of Cantrips

   Spells                             Type                      Level
   a - Confusing Touch                Hexes                        1
   b - Animate Skeleton               Necromancy                   1
   c - Summon Small Mammal            Summoning                    1
   d - Apportation                    Translocation                1
Comestibles
 f - 2 bread rations
 x - a chunk of flesh


   Skills:
 + Level 2.9 Fighting
 + Level 2.9 Short Blades
 + Level 1.4 Long Blades
 + Level 1.4 Axes
 + Level 1.4 Maces & Flails
 + Level 1.4 Polearms
 + Level 1.4 Staves
 + Level 1.4 Slings
 + Level 1.4 Bows
 + Level 1.4 Crossbows
 + Level 1.4 Throwing
 + Level 1.4 Armour
 + Level 4.7 Dodging
 + Level 2.7 Stealth
 + Level 1.4 Shields
 + Level 1.4 Unarmed Combat
 + Level 1.4 Spellcasting
 + Level 1.1 Conjurations
 + Level 1.1 Hexes
 + Level 1.1 Charms
 + Level 1.1 Summonings
 + Level 1.1 Necromancy
 + Level 1.1 Translocations
 + Level 1.1 Transmutations
 + Level 1.1 Fire Magic
 + Level 1.1 Ice Magic
 + Level 1.1 Air Magic
 + Level 1.1 Earth Magic
 + Level 1.1 Poison Magic
 + Level 1.6 Invocations
 + Level 6.7 Evocations


You had 5 spell levels left.
You knew the following spells:

 Your Spells              Type           Power        Failure   Level  Hunger
a - Animate Skeleton      Necr           N/A          19%         1    ##.....


Dungeon Overview and Level Annotations

Branches:
Dungeon (3/15)

Altars:
Okawaru


Innate Abilities, Weirdness & Mutations

Your experience applies equally to all skills.
You have very sharp teeth.
Your uncanny sense of smell can sniff out nearby items.


Message History

The centaur shouts!
The centaur wields a shortbow.
The centaur shoots an arrow.
The arrow hits you!
* * * LOW HITPOINT WARNING * * *
The kobold hits you.
* * * LOW HITPOINT WARNING * * *
The centaur shoots an arrow.
The arrow misses you.
You barely miss the kobold.
You feel sick. The kobold closely misses you.
Unknown command.
Unknown command.
Unknown command.
It was a potion of cancellation.
You feel magically purged.
The centaur shoots an arrow.
The arrow closely misses you. The kobold hits you but does no damage.
Evoke which item? (* to show all) (? for menu, Esc to quit)
Aiming: Enslavement
Press: ? - help, Shift-Dir - straight line, f - centaur, p - kobold
Aim: a centaur, wielding a shortbow (chance to defeat MR: 66%)
The centaur struggles to resist.
The centaur shoots an arrow.
The arrow misses you.
The centaur shoots an arrow.
The arrow hits you.
You die...

#..##(##### #..
#.######### .##.#
......# ♣♣♣♣.#.#
...... .. .♣♣.P♣.#.#
....# . .........#
...# .# ♣♣.P♣...# ..#
#.# #♣♣♣♣♣...# #K# ..#
.#.#...#.##### #@##.#
.............###.#..#
....÷..............#
....<..............#
##..#.##..###c....####
......###...)..♣.♣...#
##[#........P..♣.♣.#.#
#.#..###..♣...♣.♣.# ..
# #.#..#
#..♣...♣.♣.#####.#


You could see a centaur and a kobold.

Vanquished Creatures
  An orc priest (D:2)
  An orc wizard (D:1)
  3 adders
  2 worms (D:2)
  A dart slug (D:1)
  4 leopard geckos
  An orc (D:3)
  2 ball pythons (D:1)
  2 giant cockroaches (D:1)
  7 goblins
  8 hobgoblins
  2 jackals (D:1)
  10 kobolds
  5 bats
  5 frilled lizards
  4 rats
58 creatures vanquished.

Vanquished Creatures (collateral kills)
  An adder (D:2)
  2 orcs (D:2)
  A bat (D:2)
  A giant cockroach (D:1)
  A hobgoblin (D:2)
  A kobold (D:1)
7 creatures vanquished.

Vanquished Creatures (others)
  A jackal (D:1)
1 creature vanquished.

Grand Total: 66 creatures vanquished

Notes
Turn   | Place    | Note
-------+----------+-------------------------------------------
     0 | D:1      | hexaflexagon the Gnoll Artificer began the quest for the Orb.
     0 | D:1      | Reached XP level 1. HP: 17/17 MP: 4/4
    58 | D:1      | Reached XP level 2. HP: 13/23 MP: 6/6
   376 | D:1      | Reached XP level 3. HP: 8/28 MP: 7/7
  1123 | D:1      | Reached skill level 1 in Long Blades
  1123 | D:1      | Reached skill level 1 in Axes
  1123 | D:1      | Reached skill level 1 in Maces & Flails
  1123 | D:1      | Reached skill level 1 in Polearms
  1123 | D:1      | Reached skill level 1 in Staves
  1123 | D:1      | Reached skill level 1 in Slings
  1123 | D:1      | Reached skill level 1 in Bows
  1123 | D:1      | Reached skill level 1 in Crossbows
  1123 | D:1      | Reached skill level 1 in Throwing
  1123 | D:1      | Reached skill level 1 in Armour
  1123 | D:1      | Reached skill level 1 in Shields
  1123 | D:1      | Reached skill level 1 in Unarmed Combat
  1123 | D:1      | Reached skill level 1 in Spellcasting
  1123 | D:1      | Reached skill level 1 in Invocations
  1123 | D:1      | Reached XP level 4. HP: 20/34 MP: 8/8
  1335 | D:2      | Found a faded altar of an unknown god.
  1582 | D:2      | Reached skill level 1 in Conjurations
  1582 | D:2      | Reached skill level 1 in Hexes
  1582 | D:2      | Reached skill level 1 in Charms
  1582 | D:2      | Reached skill level 1 in Summonings
  1582 | D:2      | Reached skill level 1 in Necromancy
  1582 | D:2      | Reached skill level 1 in Translocations
  1582 | D:2      | Reached skill level 1 in Transmutations
  1582 | D:2      | Reached skill level 1 in Fire Magic
  1582 | D:2      | Reached skill level 1 in Ice Magic
  1582 | D:2      | Reached skill level 1 in Air Magic
  1582 | D:2      | Reached skill level 1 in Earth Magic
  1582 | D:2      | Reached skill level 1 in Poison Magic
  1604 | D:2      | Found an iron altar of Okawaru.
  1681 | D:2      | Reached XP level 5. HP: 36/40 MP: 9/9
  2359 | D:3      | Noticed a centaur
  2582 | D:3      | Learned a level 1 spell: Animate Skeleton
  2659 | D:3      | Shot with an arrow by a centaur

Vault maps used:
D:1:      erik_arrival_blinker_ship, minmay_pentomino_u4
D:2:      chequers_ecumenical_altar_simple, kennysheep_okawaru_gauntlet
D:3:      first_bread, serial_forest, infiniplex_forest_clump_cross,
          infiniplex_forest_corner_1, infiniplex_forest_straight_1,
          infiniplex_forest_straight_4, infiniplex_forest_straight_2,
          infiniplex_forest_clump_tiny, infiniplex_forest_clump_small,
          infiniplex_forest_zigzag_2, minmay_quantized

Skill      XL: |  1  2  3  4 |
---------------+-------------+-----
Long Blades    | 1 |  1.4
Axes           | 1 |  1.4
Maces & Flails | 1 |  1.4
Polearms       | 1 |  1.4
Staves         | 1 |  1.4
Slings         | 1 |  1.4
Bows           | 1 |  1.4
Crossbows      | 1 |  1.4
Throwing       | 1 |  1.4
Armour         | 1 |  1.4
Shields        | 1 |  1.4
Unarmed Combat | 1 |  1.4
Spellcasting   | 1 |  1.4
Invocations    | 1 |  1.6
Conjurations   | 1 |  1.1
Hexes          | 1 |  1.1
Charms         | 1 |  1.1
Summonings     | 1 |  1.1
Necromancy     | 1 |  1.1
Translocations | 1 |  1.1
Transmutations | 1 |  1.1
Fire Magic     | 1 |  1.1
Ice Magic      | 1 |  1.1
Air Magic      | 1 |  1.1
Earth Magic    | 1 |  1.1
Poison Magic   | 1 |  1.1
Fighting       | |  2.9
Short Blades   | |  2.9
Dodging        | |  4.7
Stealth        | |  2.7
Evocations     | |  6.7

Action                   |  1- 3 |  4- 6 || total
-------------------------+-------+-------++-------
Melee: Short sword       |   108 |   113 ||   221
       Bite              |     6 |    17 ||    23
       Punch             |       |     1 ||     1
Evoke: Wand              |     5 |    11 ||    16
  Use: Potion            |       |     1 ||     1
 Stab: Sleeping          |     5 |     7 ||    12
  Eat: Chunk             |     1 |     5 ||     6
Armor: Leather armour    |    17 |    34 ||    51
Dodge: Dodged            |    82 |    94 ||   176

Table legend:
 A = Spawn XP
 B = Non-spawn XP
 C = Spawn XP percentage of total XP
 D = Spawn monster count
 E = Non-spawn monster count
 F = Spawn count percentage of total count
 G = Total turns spent on level
                    A         B        C        D         E        F      G
               +---------+---------+-------+---------+---------+-------+---------
         Total |       0 |     222 |   0.0 |       0 |      65 |   0.0 |  2659
               +---------+---------+-------+---------+---------+-------+---------
           D:1 |       0 |      95 |   0.0 |       0 |      34 |   0.0 |  1259
           D:2 |       0 |     104 |   0.0 |       0 |      24 |   0.0 |  1207
           D:3 |       0 |      23 |   0.0 |       0 |       7 |   0.0 |   193
               +---------+---------+-------+---------+---------+-------+---------
